[Event "World Team-ch Women 2019"]
[Site "Astana"]
[Date "2019.03.05"]
[Round "1.2"]
[White "Wafa, Shrook"]
[Black "Sargsyan, Anna M."]
[Result "0-1"]
[ECO "B18"]
[WhiteElo "2166"]
[BlackElo "2340"]
[Annotator "NA"]
[PlyCount "128"]
[EventDate "2019.02.05"]
[EventType "team-tourn"]
[EventCountry "KAZ"]
[SourceTitle "playchess.com"]
[Source "ChessBase"]
[SourceQuality "1"]
[WhiteTeam "Egypt"]
[BlackTeam "Armenia"]
[WhiteTeamCountry "EGY"]
[BlackTeamCountry "ARM"]
[TimeControl "40/5400+30:1800+30"]

1. e4 c6 2. d4 d5 3. Nc3 dxe4 4. Nxe4 Bf5 5. Ng3 Bg6 6. Nf3 e6 7. Bd3 Nf6 8. h4 {[%emt 0:02:06] B18: Classical Caro-Kann: 4...Bf5 sidelines} (8. O-O Be7 9. Re1 O-O 10. Bxg6 hxg6 11. Qe2 c5 12. dxc5 Bxc5 13. Ne4 Be7 14. Nxf6+ Bxf6 15. c3 Nc6 {0-1 (41) Demchenko,A (2679)-Tari,A (2620) St Petersburg 2018}) 8... Bd6 9. h5 Bxd3 10. Qxd3 h6 $146 ({Predecessor:} 10... Bxg3 11. fxg3 h6 12. Bd2 Qd5 13. Rh4 Nbd7 14. c4 Qd6 15. O-O-O b5 {0-1 (43) Passoni,C (2200)-Khenkin,I (2550) Porto San Giorgio 1997}) 11. Ne4 Nxe4 12. Qxe4 Nd7 13. Bd2 Qb6 14. O-O-O O-O-O 15. Kb1 Qb5 16. Qe3 Nf6 17. Ne5 Nd5 18. Qf3 Bxe5 19. dxe5 Rd7 20. Qg4 Nb6 21. Bc3 Na4 22. Rxd7 Nxc3+ 23. Ka1 Kxd7 24. Qxg7 Na4 25. b3 Qd5 26. bxa4 Rd8 27. Qxf7+ Kc8 28. Qf4 Qc5 29. Kb1 Rd4 30. Qe3 Qd5 31. Re1 Rb4+ 32. Ka1 Rxa4 33. Qb3 Rc4 34. Qd3 Qc5 35. Qd6 Qxd6 36. exd6 Kd7 37. Kb2 Rb4+ 38. Kc3 Rh4 39. f3 Rxh5 40. g4 Rh3 41. Re3 Kxd6 42. Kd4 Rh2 43. Rc3 b5 44. Ke4 b4 45. Rd3+ Kc5 46. Rd7 a5 47. Kd3 Rf2 48. Rf7 Kd6 49. Rf6 c5 50. f4 Ke7 51. Rxh6 Rxf4 52. Rh7+ Kd6 53. Ra7 Rxg4 54. Rxa5 Kd5 55. Ra8 Rg3+ 56. Kd2 Ra3 57. Rd8+ Kc4 58. Re8 Rxa2 $19 59. Rxe6 b3 60. Kc1 Rxc2+ 61. Kb1 Rh2 62. Re8 Kb4 63. Rg8 c4 64. Rf8 Rh1+ 0-1

[Event "World Team-ch Women 2019"]
[Site "Astana"]
[Date "2019.03.05"]
[Round "1.3"]
[White "Gevorgyan, Maria"]
[Black "Moaataz, Ayah"]
[Result "1-0"]
[ECO "B13"]
[WhiteElo "2264"]
[BlackElo "2036"]
[Annotator "NA"]
[PlyCount "106"]
[EventDate "2019.02.05"]
[EventType "team-tourn"]
[EventCountry "KAZ"]
[SourceTitle "playchess.com"]
[Source "ChessBase"]
[SourceQuality "1"]
[WhiteTeam "Armenia"]
[BlackTeam "Egypt"]
[WhiteTeamCountry "ARM"]
[BlackTeamCountry "EGY"]
[TimeControl "40/5400+30:1800+30"]

1. e4 c6 2. d4 d5 3. exd5 cxd5 4. Bd3 Nc6 5. c3 Qc7 6. Qb3 Nf6 {[%emt 0:00:37] B13: Caro-Kann: Exchange Variation and Panov-Botvinnik Attack} 7. Bg5 e6 8. Nd2 Bd6 9. Ngf3 a6 $146 ({Predecessor:} 9... Nh5 10. O-O-O Nf4 11. Bxf4 Bxf4 12. g3 Bd6 {½-½ (12) Cerveny,P (2403)-Hermansson,E (2472) Marianske Lazne 2008}) 10. O-O h6 11. Bh4 Nh5 12. Bg3 Nf4 13. Bxf4 Bxf4 14. Rfe1 O-O 15. Qd1 e5 16. Nxe5 Nxe5 17. dxe5 Bxe5 18. Qh5 Bf4 19. Nf3 Qd8 20. Nd4 Qg5 21. Qxg5 Bxg5 22. Re5 Rd8 23. Rae1 Kf8 24. Nb3 Bf6 25. R5e3 b6 26. Be2 Bg5 27. Rd3 Bf5 28. Rd4 Be4 29. g3 Bf6 30. Rd2 Bg5 31. f4 Be7 32. Red1 Ke8 33. Nd4 Bc5 34. Kf1 b5 35. a3 Bxd4 36. Rxd4 f5 37. R1d2 Rab8 38. h4 Ke7 39. Kf2 g5 40. fxg5 hxg5 41. hxg5 Rh8 42. Bf3 Rh2+ 43. Ke3 Rbh8 44. Bxe4 Rxd2 45. Rxd2 dxe4 46. Kf4 Ke6 47. g6 Rg8 48. Kg5 Ke5 49. Rf2 e3 $11 50. Rxf5+ Kd6 51. Rf1 Ke5 52. Rf7 Ke6 53. Rf3 Kd5 1-0

[Event "World Team-ch Women 2019"]
[Site "Astana"]
[Date "2019.03.05"]
[Round "1.10"]
[White "Arabdize, Meri"]
[Black "Soumya, Swaminathan"]
[Result "0-1"]
[ECO "D85"]
[WhiteElo "2392"]
[BlackElo "2401"]
[Annotator "NA"]
[PlyCount "112"]
[EventDate "2019.02.05"]
[EventType "team-tourn"]
[EventCountry "KAZ"]
[SourceTitle "playchess.com"]
[Source "ChessBase"]
[SourceQuality "1"]
[WhiteTeam "Georgia"]
[BlackTeam "India"]
[WhiteTeamCountry "GEO"]
[BlackTeamCountry "IND"]
[TimeControl "40/5400+30:1800+30"]

1. Nf3 Nf6 2. c4 g6 3. Nc3 d5 4. cxd5 Nxd5 5. Qb3 Nb6 6. d4 Be6 {[%emt 0:02:44] D85: Exchange Grünfeld: Unusual White 7th moves and lines with 7 Nf3} (6... Bg7 7. Bf4 Be6 8. Qa3 O-O 9. e3 N8d7 10. Rd1 c6 11. Ng5 Bf5 12. e4 Bg4 13. Be2 Bxe2 14. Nxe2 Qe8 {1-0 (32) Duda,J (2739)-Ivanchuk,V (2710) Batumi 2018}) 7. Qa3 Bg4 8. e3 $146 ({Predecessor:} 8. Bg5 Nc6 9. e3 Bxf3 10. gxf3 e5 11. Bxd8 Bxa3 12. Bf6 Bxb2 13. Nb5 Bxa1 14. Bxh8 {0-1 (50) Zygouris,H (2220)-Anagnostopoulos,K (2097) Vrachati 2013}) 8... Bxf3 9. gxf3 e5 10. Qa5 $1 Bg7 11. dxe5 Nc6 12. Bb5 Qd7 13. Bxc6 bxc6 14. Qc5 O-O-O 15. O-O Rhe8 16. Ne4 Rxe5 17. Qc2 g5 18. a4 a5 19. Rb1 Qh3 20. Ng3 Rd6 21. b4 Rh6 22. Rd1 Bf8 23. bxa5 Rxa5 24. Bd2 Rc5 25. Qe4 Qxh2+ 26. Kf1 Re6 27. Qg4 Be7 28. a5 Nc4 29. a6 Nxd2+ 30. Rxd2 Ra5 31. Qd4 Qh3+ 32. Ke2 Rd6 33. Qh8+ Kd7 34. Rbd1 Qe6 35. Qc3 Ra2 36. Ne4 Rdxd2+ 37. Rxd2+ Rxd2+ 38. Qxd2+ Kc8 39. Qc2 Qd5 40. Ng3 Qb5+ 41. Kd1 h6 42. Qe4 Qd5+ 43. Ke2 {[%emt 0:00:51] [#]} Qxe4 $19 44. fxe4 c5 45. Kd3 Kb8 46. Kc4 c6 47. Nf5 Bf8 48. e5 h5 49. Nd6 h4 50. Kxc5 h3 51. Kb6 h2 52. Ne8 Bc5+ 53. Kxc5 h1=Q 54. Kb6 Qb1+ 55. Kxc6 Qc2+ 56. Kb6 Qb3+ 0-1